 Dungeon Crawl Stone Soup version 0.28-a0-1143-gcf6077d4cc (webtiles) character file.

Game seed: 13825096667966231968

2256 halfoni the Cleaver (level 9, 0/68 HPs)
             Began as a Human Berserker on Dec 13, 2021.
             Was an Elder of Trog.
             Killed by divine providence
             ... invoked by an orc priest
              (11 damage)
             ... on level 8 of the Dungeon.
             The game lasted 00:17:37 (6485 turns).

halfoni the Cleaver (Human Berserker)               Turns: 6485, Time: 00:17:38

Health: 0/68       AC: 10    Str: 21    XL:     9   Next: 64%
Magic:  9/9        EV: 13    Int:  8    God:    Trog [****..]
Gold:   192        SH:  0    Dex: 13    Spells: 8/8 levels left

rFire   . . .      SeeInvis +   x - +0 broad axe
rCold   . . .      Faith    .   (no shield)
rNeg    . . .      Spirit   .   i - +3 leather armour {rPois}
rPois   +          Reflect  .   (no helmet)
rElec   .          Harm     .   d - scarf {+Inv}
rCorr   .          Rampage  .   l - +2 pair of gloves
Will    .....                   y - +0 pair of boots
Stlth   ++........              t - amulet of regeneration
HPRegen 1.01/turn               s - ring of see invisible
MPRegen 0.11/turn               w - ring of poison resistance

@: on berserk cooldown, slowed, very slow
A: no striking features
a: Renounce Religion, Evoke Invisibility, Berserk, Trog's Hand, Brothers in Arms


You were on level 8 of the Dungeon.
You worshipped Trog.
Trog was greatly pleased with you.
You visited 1 branch of the dungeon, and saw 6 of its levels.
You also visited: Ossuary.

You collected 192 gold pieces.

Inventory:

Hand Weapons
 a - a +0 mace of protection
 x - a +0 broad axe (weapon)
 A - a +0 glaive
Missiles
 c - 52 arrows
 h - a throwing net (quivered)
Armour
 d - a scarf of invisibility (worn)
 i - a +3 leather armour of poison resistance (worn)
 l - a +2 pair of gloves (worn)
 y - a +0 pair of boots (worn)
Magical Staves
 b - a staff of air
Jewellery
 m - a ring of ice
 s - a ring of see invisible (left hand)
 t - an amulet of regeneration (around neck)
 w - a ring of poison resistance (right hand)
Wands
 q - a wand of iceblast (12)
Scrolls
 g - 4 scrolls of enchant armour
 n - 4 scrolls of identify
 p - 4 scrolls of amnesia
 u - a scroll of silence
 B - 2 scrolls of enchant weapon {unknown}
 F - a scroll of summoning {unknown}
 G - 2 scrolls of holy word {unknown}
Potions
 e - 3 potions of invisibility
 f - 2 potions of flight {unknown}
 j - 3 potions of lignification {unknown}
 k - a potion of cancellation {unknown}
 o - 2 potions of might {unknown}
 r - a potion of magic {unknown}
 v - 3 potions of brilliance {unknown}
 z - a potion of haste {unknown}
 C - 2 potions of curing {unknown}
 D - 3 potions of heal wounds {unknown}
 E - 2 potions of attraction {unknown}
 H - a potion of mutation {unknown}


   Skills:
 * Level 5.4 Fighting
 * Level 8.2(9.1) Axes
 - Level 5.9(8.0) Maces & Flails
 * Level 3.8 Armour
 * Level 4.4 Dodging
 - Level 1.5 Stealth


You had 8 spell levels left.
You didn't know any spells.
Your spell library contained the following spells:

 Spells                   Type           Power      Damage    Failure   Level
 Slow                     Hex            0%         N/A       45%         1
 Confusing Touch          Hex            0%         N/A       83%         3
 Vampiric Draining        Necr           0%         2d6       83%         3


Dungeon Overview and Level Annotations

Branches:
Dungeon (8/15)            Ossuary (visited)
 Temple: D:4-7         Lair: D:8-11

Altars:
Ashenzari

Shops:
D:5 [


Message History

You slice the two-headed ogre!!
The two-headed ogre is almost dead.
An orc comes into view. It is wielding a +0 club.
The two-headed ogre hits you with a +0 giant spiked club!!
The two-headed ogre hits you but does no damage.
You are too injured to fight recklessly!
You are too injured to fight recklessly!
You are too injured to fight recklessly!
You are too injured to fight recklessly!
Unknown command.
You hit the two-headed ogre.
The two-headed ogre is almost dead.
You hit the two-headed ogre but do no damage.
The two-headed ogre is almost dead.
The two-headed ogre hits you with a +0 giant spiked club!
The two-headed ogre misses you.
The orc priest invokes the aid of Beogh against you.
Beogh smites you!
* * * LOW HITPOINT WARNING * * *
You slash the two-headed ogre!
You kill the two-headed ogre!
Trog accepts your kill.
Your base Axes skill increases to level 8!
You feel a strong urge to attack something.
You are no longer berserk.
You are exhausted.
You feel yourself slow down.
The orc priest invokes the aid of Beogh against you.
Pain shoots through your body!
* * * LOW HITPOINT WARNING * * *
There is an open door here.
The orc priest miscasts a cantrip.
Unknown command.
You slash the orc!
You kill the orc!
Trog accepts your kill.
The orc priest looks braver for a moment.
The orc priest mumbles some strange prayers to Beogh against you.
Beogh smites you!
You die...

.......#...#######.....#...#
.......#.........#.....#...#
.......#.........#.....#...#
.......#.........#.....#...#
.......#...##....#.....#.<.#
.......#'####....#.....'...#
.......#...##....#.....#...#
.......#.........).o...#...#
...>...#........@#.....#...#
.......#..[##....#.....#...#
.......#...##....#.....#...#
.......#.........#.....#(..#
.......#...##....#.....#...#
.......#...##....#.....#
.......'....#....#)....#
.......#....#....#.....#
.......#....#....#.....#


You could see an orc priest.

Vanquished Creatures
  2 two-headed ogres (D:8)
  Sigmund (D:3)
  Menkaure (D:4)
  A black bear (D:4)
  A centaur (D:8)
  2 bullfrogs (D:8)
  2 orc priests
  Jessica (D:3)
  Natasha (thrice) (D:4)
  4 orc wizards
  4 mummies (Ossuary)
  5 adders
  2 ufetubi (D:4)
  An adder skeleton (D:4)
  5 worms
  3 dart slugs
  9 orcs
  13 ball pythons
  10 endoplasms
  A giant cockroach (D:2)
  10 gnoll zombies (Ossuary)
  10 goblins
  8 hobgoblins
  10 jackals
  7 kobolds
  3 quokkas
  5 bats
  A frilled lizard (D:2)
  5 gnoll skeletons (Ossuary)
  5 goblin skeletons (Ossuary)
  3 goblin zombies (Ossuary)
  2 hobgoblin skeletons (Ossuary)
  5 hobgoblin zombies (Ossuary)
  2 kobold skeletons (Ossuary)
  3 kobold zombies (Ossuary)
  5 orc skeletons (Ossuary)
  7 rats
  6 rat skeletons (Ossuary)
  4 rat zombies (Ossuary)
172 creatures vanquished.

Vanquished Creatures (others)
  A goblin (D:4)
1 creature vanquished.

Grand Total: 173 creatures vanquished

Notes
Turn   | Place    | Note
-------+----------+-------------------------------------------
     0 | D:1      | halfoni the Human Berserker began the quest for the Orb.
     0 | D:1      | Reached XP level 1. HP: 18/18 MP: 1/1
   153 | D:1      | Reached XP level 2. HP: 18/24 MP: 2/2
   718 | D:1      | Reached XP level 3. HP: 19/29 MP: 3/3
  1491 | D:2      | Reached ** piety under Trog
  1595 | D:2      | Reached XP level 4. HP: 21/35 MP: 4/4
  2884 | D:3      | Found a broken altar of Ashenzari.
  2899 | D:3      | Reached XP level 5. HP: 42/42 MP: 5/5
  3086 | D:3      | Found a faded altar of an unknown god.
  3897 | D:3      | Noticed Jessica
  3909 | D:3      | Reached XP level 6. HP: 48/48 MP: 6/6
  3924 | D:3      | Killed Jessica
  4041 | D:3      | Noticed Sigmund
  4065 | D:3      | Killed Sigmund
  4066 | D:3      | Reached skill level 5 in Maces & Flails
  4066 | D:3      | Reached XP level 7. HP: 46/54 MP: 7/7
  4385 | D:4      | Noticed Menkaure
  4394 | D:4      | Killed Menkaure
  4395 | D:4      | Reached skill level 1 in Stealth
  4492 | D:4      | Reached *** piety under Trog
  4741 | D:4      | Reached skill level 1 in Axes
  4806 | D:4      | Noticed Natasha
  4813 | D:4      | Killed Natasha
  4835 | D:4      | Noticed Natasha
  4841 | D:4      | Killed Natasha
  4968 | D:4      | Noticed Natasha
  5055 | D:4      | Reached skill level 2 in Axes
  5064 | D:4      | Reached XP level 8. HP: 42/61 MP: 8/8
  5221 | D:4      | Reached skill level 3 in Axes
  5311 | D:4      | Killed Natasha
  5329 | D:5      | Entered Level 5 of the Dungeon
  5336 | D:5      | Found Kaoc's Antique Armour Shop.
  5339 | D:5      | You fall into a shaft and drop 3 floors!
  5602 | D:8      | Noticed a two-headed ogre
  5613 | D:8      | Killed a two-headed ogre
  5614 | D:8      | Reached skill level 6 in Axes
  5614 | D:8      | Reached XP level 9. HP: 67/67 MP: 9/9
  5670 | D:8      | Reached skill level 5 in Fighting
  5670 | D:8      | Reached skill level 7 in Axes
  5765 | D:8      | Found a sand-covered staircase.
  5773 | Ossuary  | Entered an ossuary
  5868 | Ossuary  | Reached **** piety under Trog
  6467 | D:8      | Noticed a two-headed ogre
  6475 | D:8      | Killed a two-headed ogre
  6476 | D:8      | Reached skill level 8 in Axes
  6479 | D:8      | HP: 2/68 [orc priest/nerve-wracking pain (12)]
  6485 | D:8      | Killed from afar by an orc priest

Illustrated notes

Levels and vault maps discovered:
D:1:      dpeg_arrival_boxes_within_box, layout_basic
D:2:      layout_basic
D:3:      layout_basic, ashenzari_conservatory_becter,
          hellmonk_ecumenical_altar_leap_of_faith, serial_aquarium,
          aquarium_bridge_square [aquarium_subvault_bridge,
          aquarium_subvault_bridge, aquarium_subvault_wall,
          aquarium_subvault_bridge], aquarium_window_corridor_2,
          aquarium_window_fake, aquarium_window_2, aquarium_view_2c,
          aquarium_view_2b, aquarium_pool_side, uniq_jessica, uniq_sigmund
D:4:      layout_basic, uniq_natasha, uniq_menkaure
D:5:      layout_basic, serial_shops, shop_coins, hangedman_decor_growths,
          uniq_crazy_yiuf_cottage
D:8:      layout_gridville, nicolae_ossuary_entry_plus

Skill      XL: |  1  2  3  4  5  6  7  8  9 |
---------------+----------------------------+-----
Maces & Flails | 4 5 |  5.9
Dodging        | 3 4 |  4.4
Fighting       | 4 5 |  5.4
Armour         | 3 |  3.8
Stealth        | 1 |  1.5
Axes           | 2 6 8 |  8.2

Action                   |  1- 3 |  4- 6 |  7- 9 || total
-------------------------+-------+-------+-------++-------
Melee: Mace              |   108 |   177 |    22 ||   307
       Broad axe         |       |       |   193 ||   193
Invok: Berserk           |     1 |     4 |    10 ||    15
  Use: Scroll            |       |       |    10 ||    10
 Stab: Sleeping          |       |     1 |       ||     1
Armor: Animal skin       |    12 |       |       ||    12
       Leather armour    |    30 |    78 |    82 ||   190
Dodge: Dodged            |    87 |   127 |   136 ||   350

Table legend: (Time is in decaauts)
 A = Elapsed time spent in this place.
 B = Non-inter-level travel time spent in this place.
 C = Inter-level travel time spent in this place.
 D = Time resting spent in this place.
 E = Time spent auto-exploring this place.
 F = Levels seen in this place.
 G = Mean time per level.
                   A        B        C        D        E       F      G
               +--------+--------+--------+--------+--------+-----+--------+
         Total |   6712 |   6712 |      0 |   1051 |   3033 |   7 |  958.9 |
       Dungeon |   6248 |   6248 |      0 |   1051 |   2884 |   6 | 1041.3 |
       Ossuary |    463 |    463 |      0 |      0 |    149 |   1 |  463.0 |
               +--------+--------+--------+--------+--------+-----+--------+

Top non-repeatable levels by time:
     D:3: 1527 daAuts
     D:1: 1484 daAuts
     D:2: 1427 daAuts
     D:4: 1067 daAuts
     D:8: 732 daAuts
 Ossuary: 463 daAuts
     D:5: 9 daAuts
